 Dungeon Crawl Stone Soup version 0.32-a0-868-g153ae1a8d6 (webtiles) character file.

Game seed: 13032564987520783348

63655 Biggs the Warrior (level 15, -2/130 HPs)
             Began as a Coglin Gladiator on Mar 29, 2024.
             Was the Champion of Wu Jian.
             Slain by a tyrant leech (13 damage)
             ... on level 1 of the Swamp.
             The game lasted 00:41:34 (19231 turns).

Biggs the Warrior (Coglin Gladiator)               Turns: 19231, Time: 00:41:34

Health: -2/130     AC: 23    Str: 16    XL:     15   Next: 10%
Magic:  15/15      EV: 18    Int: 11    God:    Wu Jian [******]
Gold:   2149       SH:  0    Dex: 21    Spells: 14/14 levels left

rFire   + . .        a - +0 long sword (vamp) {Tertia}
rCold   . . .        N - +2 scimitar (flame) {Deepnoor}
rNeg    . . .        C - +0 swamp dragon scales
rPois   +            j - +2 helmet {Int+3}
rElec   .            M - +2 cloak
rCorr   .            k - +2 pair of gloves
SInv    .            h - +2 pair of boots {Stlth+}
Will    ++...        (amulet unavailable)
Stlth   ++           (ring unavailable)
HPRegen 1.21/turn    (ring unavailable)
MPRegen 0.54/turn    R - gigadynamo NW-00 {rF+ Will+ Regen+ RegenMP+}

%: no passive effects
@: revved
A: off-hand wielding, slow wielding, warmup strikes, no jewellery
a: Renounce Religion, Wall Jump, Serpent's Lash, Heavenly Storm


You were on level 1 of the Swamp.
You worshipped Wu Jian.
Wu Jian was exalted by your worship.
You visited 5 branches of the dungeon, and saw 20 of its levels.
You also visited: Bailey and Gauntlet.

You collected 2149 gold pieces.

Inventory:

Hand Weapons
 a - a +0 vampiric long sword (weapon) {Tertia}
 s - a +0 scimitar of flaming
 N - a +2 scimitar of flaming (offhand) {Deepnoor}
Missiles
 d - 13 throwing nets (quivered)
 e - 21 javelins
Armour
 b - the +1 pair of boots "Ixoevvet" {rF+++ rC- Will++ rCorr}
   (You found it on level 5 of the Lair of Beasts)

   rF+++:     It renders you almost immune to fire.
   rC-:       It makes you vulnerable to cold.
   Will++:    It greatly increases your willpower.
   rCorr:     It protects you from acid and corrosion.
 h - a +2 pair of boots of stealth (worn)
 j - a +2 helmet of intelligence (worn)
 k - a +2 pair of gloves (worn)
 x - a +1 pair of gloves of hurling
 C - +0 swamp dragon scales (worn)
 M - a +2 cloak (worn)
Gizmo
 R - a gigadynamo NW-00 (installed) {rF+ Will+ Regen+ RegenMP+}
   (You invented it yourself on level 3 of the Lair of Beasts)

   [gigadynamo NW-00]

   rF+:       It protects you from fire.
   Will+:     It increases your willpower.
   Regen+:    It increases your rate of health regeneration.
   RegenMP+:  It increases your rate of magic regeneration.
Wands
 m - a wand of charming (21)
 D - a wand of polymorph (13)
 I - a wand of acid (1)
 L - a wand of flame (16)
 Q - a wand of iceblast (21)
Scrolls
 n - 7 scrolls of revelation
 o - 4 scrolls of immolation
 w - 3 scrolls of poison
 y - 2 scrolls of amnesia
 F - 4 scrolls of vulnerability
 G - 2 scrolls of silence
 J - a scroll of noise
 O - a scroll of butterflies
Potions
 f - a potion of invisibility
 i - 3 potions of brilliance
 p - a potion of ambrosia
 q - a potion of berserk rage {unknown}
 r - a potion of mutation
 u - a potion of magic {unknown}
 v - 8 potions of curing
 z - 2 potions of enlightenment {unknown}
 E - a potion of attraction {unknown}
 H - 2 potions of might {unknown}
 K - 2 potions of heal wounds {unknown}
 P - 2 potions of cancellation {unknown}
Miscellaneous
 c - a box of beasts
 T - a lightning rod (4/4)
 U - a phantom mirror


   Skills:
 + Level 15.9 Fighting
 - Level 14.0 Long Blades
 - Level 1.7 Throwing
 - Level 8.1 Armour
 - Level 12.9 Dodging


You had 14 spell levels left.
You didn't know any spells.
Your spell library contained the following spells:

 Spells                   Type           Power      Damage    Failure   Level
 Sandblast                Erth           0%         2d4       52%         1
 Slow                     Hex            0%         N/A       52%         1
 Jinxbite                 Hex            0%         N/A       65%         2
 Confusing Touch          Hex            0%         N/A       87%         3
 Inner Flame              Hex/Fire       0%         N/A       87%         3
 Stone Arrow              Conj/Erth      0%         3d7       87%         3
 Tukima's Dance           Hex            0%         N/A       87%         3
 Vampiric Draining        Necr           0%         2d6       87%         3
 Animate Dead             Necr           0%         N/A       99%         4
 Brom's Barrelling Bould  Conj/Erth      0%         2d3       99%         4
 Cause Fear               Hex            0%         N/A       99%         4
 Ignite Poison            Fire/Alch      0%         N/A       99%         4
 Passage of Golubria      Tloc           0%         N/A       99%         4
 Borgnjor's Vile Clutch   Necr/Erth      0%         N/A       100%        5
 Fireball                 Conj/Fire      0%         3d3       100%        5
 Irradiate                Conj/Alch      0%         3d11      100%        5
 Summon Forest            Summ/Tloc      0%         N/A       100%        5
 Yara's Violent Unravell  Hex/Alch       0%         3d3       100%        5
 Death Channel            Necr           0%         N/A       100%        6
 Dispersal                Tloc           0%         N/A       100%        6
 Eringya's Noxious Bog    Alch           0%         4d6       100%        6
 Gell's Gavotte           Tloc           0%         2d(11-16) 100%        6
 Enfeeble                 Hex            0%         N/A       100%        7
 Manifold Assault         Tloc           0%         N/A       100%        7
 Summon Hydra             Summ           0%         N/A       100%        7
 Disjunction              Tloc           0%         N/A       100%        8
 Ignition                 Fire           0%         3d3       100%        8
 Dragon's Call            Summ           0%         N/A       100%        9


Dungeon Overview and Level Annotations

Branches:
Dungeon (12/15)            Temple (1/1) D:4            Lair (5/5) D:8
  Swamp (1/4) Lair:2       Spider (0/4) Lair:2        Slime (0/5) Lair:5
    Orc (1/2) D:12         Bailey (visited)         Gauntlet (visited)

Altars:
Ashenzari
Cheibriados
Dithmenos
Elyvilon
Fedhas
Gozag
Hepliaklqana
Kikubaaqudgha
Makhleb
Nemelex Xobeh
Okawaru
Qazlal
Ru
Sif Muna
Trog
Uskayaw
Vehumet
Wu Jian
Xom
Yredelemnul
Zin
The Shining One
Jiyva

Portals:
Trove: D:10 (give +3 storm dragon scales)

Annotations:
D:3 2 transporters, jamsaran's ghost, amateur TeSu


Innate Abilities, Weirdness & Mutations

You can wield a second weapon in your off-hand.
It takes a long time for you to wield or remove held weapons.
Your first few attacks do less damage.
You cannot equip rings or amulets.


Message History

The forest abruptly stops moving.
The vampire mosquito closely misses you.
You see here a coppery potion.
You spin and attack the tyrant leech repeatedly.
You barely miss the tyrant leech with your +0 vampiric long sword.
You slash the tyrant leech with your +2 scimitar of flaming!
You burn the tyrant leech.
You slash the tyrant leech with your +2 scimitar of flaming!
You burn the tyrant leech.
The tyrant leech is heavily wounded.
You slash the tyrant leech with your +0 vampiric long sword!
You spin and attack the tyrant leech repeatedly.
You hit the tyrant leech with your +2 scimitar of flaming.
You burn the tyrant leech.
The tyrant leech is lightly wounded.
You hit the tyrant leech with your +0 vampiric long sword.
You slash the tyrant leech with your +2 scimitar of flaming!
You burn the tyrant leech.
The tyrant leech is moderately wounded.
You hit the tyrant leech with your +0 vampiric long sword.
You spin and attack the tyrant leech.
You miss the tyrant leech with your +2 scimitar of flaming.
The tyrant leech is severely wounded.
You barely miss the tyrant leech with your +0 vampiric long sword.
You spin and attack the tyrant leech.
You hit the tyrant leech with your +0 vampiric long sword.
You feel better.
The tyrant leech is moderately wounded.
You closely miss the tyrant leech with your +2 scimitar of flaming.
The tyrant leech barely misses you. The tyrant leech bites you!!!
* * * LOW HITPOINT WARNING * * *
The tyrant leech draws strength from your injuries!
You hear a roar!
You see here a coppery potion.
Unknown command.
Unknown command.
You feel better.
A seven-headed hydra comes into view.
The tyrant leech bites you!
You die...

.....~~♣.~§~~..♣♣
....?.....~~~~.~. ##
#....~~..♣
#..#..#...~♣
.###.......♣♣
..........#[§♣♣♣ ~
#......#..#[~~.♣.~~
##..~....†w..^..♣
...~~~^..yw@.♣.♣.~♣
.....~~..###.♣.~..~♣
.#.~~~~~.# #.~♣.~.♣♣
#.~~~~~. #.~..!♣♣
...... D...♣..♣
..... .~~.. ~♣ ♣
~~~~..♣♣ ~ ~~~~~.~♣
♣


You could see a seven-headed hydra, 2 tyrant leeches and a vampire mosquito.

Vanquished Creatures
  A quicksilver ooze (Gauntlet)
  An eleionoma (Lair:2)
  A minotaur (Gauntlet)
  A hydra (Lair:5)
  2 alligators (Swamp:1)
  4 two-headed ogres
  5 boulder beetles
  8 death yaks
  Urug (D:11)
  A skyshark (Lair:3)
  Amaemon (Lair:3)
  A spriggan druid (Swamp:1)
  Pikel (D:7)
  2 ugly things
  An orc sorcerer (Orc:1)
  Maurice (Orc:1)
  A manticore (D:12)
  9 black mambas
  18 elephants
  A guardian serpent (shapeshifter) (D:11)
  A torpor snail (Lair:5)
  A gargoyle (D:10)
  An orange demon (Lair:3)
  2 rime drakes
  7 cane toads
  Maggie (D:7)
  An efreet (Gauntlet)
  A yaktaur (shapeshifter) (D:12)
  2 unseen horrors
  A kobold demonologist (D:12)
  12 komodo dragons
  7 polar bears
  6 trolls
  A tyrant leech (Swamp:1)
  5 hornets
  Prince Ribbit (D:7)
  6 blink frogs
  2 dream sheep (Lair:5)
  A jumping spider (Lair:2)
  A slime creature (D:12)
  A culicivora (Lair:2)
  14 spriggans (Lair:5)
  A vampire (D:12)
  7 wyverns
  3 shadows
  Eustachio (D:6)
  A fire elemental (Gauntlet)
  5 wraiths
  30 yaks
  A warg (Orc:1)
  6 basilisks
  2 steam dragons
  3 vampire mosquitoes (Swamp:1)
  2 redbacks (Lair:2)
  2 swamp worms (Swamp:1)
  A hell hound (Gauntlet)
  Duvessa (D:6)
  9 water moccasins
  An ice beast (D:6)
  7 orc warriors
  12 black bears
  An ogre (Orc:1)
  4 boggarts (Lair:5)
  A centaur (D:12)
  32 wolves
  A phantom (D:7)
  4 lemures (D:7)
  Blork the orc (D:6)
  4 kobold brigands
  13 bullfrogs
  8 gnoll sergeants
  2 scorpions
  Dowan (D:6)
  19 killer bees
  An electric eel (Lair:5)
  2 howler monkeys
  A bombardier beetle (D:4)
  6 hounds
  A jelly (D:7)
  6 gnoll boudas (Bailey)
  9 orc priests
  3 iguanas
  A sleepcap (D:6)
  4 hell rats (Lair:4)
  16 orc wizards
  8 adders
  25 gnolls
  5 white imps
  5 ufetubi
  An adder zombie (D:3)
  A ribbon worm (D:5)
  3 dart slugs
  59 orcs
  6 ball pythons
  11 endoplasms
  6 giant cockroaches
  3 hobgoblins
  3 jackals (D:2)
  4 quokkas
  5 bats
  2 frilled lizards
  9 goblins
  15 kobolds
  A quokka zombie (D:3)
  5 rats
549 creatures vanquished.

Vanquished Creatures (others)
  An angel (D:8)
1 creature vanquished.

Grand Total: 550 creatures vanquished

Notes
Turn   | Place    | Note
-------+----------+-------------------------------------------
     0 | D:1      | Biggs the Coglin Gladiator began the quest for the Orb.
     0 | D:1      | Reached XP level 1. HP: 16/16 MP: 1/1
   250 | D:1      | Reached XP level 2. HP: 19/22 MP: 2/2
   706 | D:2      | Reached XP level 3. HP: 21/27 MP: 3/3
   963 | D:2      | Reached XP level 4. HP: 32/33 MP: 4/4
  1380 | D:2      | Reached skill level 5 in Long Blades
  1622 | D:3      | Found a transporter.
  1625 | D:3      | Noticed jamsaran's ghost (amateur TeSu)
  1667 | D:3      | Reached XP level 5. HP: 36/38 MP: 5/5
  1723 | D:3      | Identified the +8 morningstar of Dowdy Action {drain, Str+4
                  | SInv Stlth-}
  1730 | D:3      | Found a snail-covered altar of Cheibriados.
  2092 | D:3      | Found a basalt altar of Yredelemnul.
  2181 | D:3      | Found a transporter.
  2356 | D:3      | Found a glowing golden altar of the Shining One.
  2611 | D:4      | Reached XP level 6. HP: 36/44 MP: 6/6
  2642 | D:4      | Found a radiant altar of Vehumet.
  2697 | D:4      | Found a staircase to the Ecumenical Temple.
  2716 | Temple   | Entered the Ecumenical Temple
  2799 | Temple   | Became a worshipper of the Wu Jian Council
  3055 | D:4      | Reached XP level 7. HP: 29/50 MP: 7/7
  3282 | D:5      | Entered Level 5 of the Dungeon
  3566 | D:5      | Found a stormy altar of Qazlal.
  3995 | D:6      | Noticed Dowan
  3999 | D:6      | Killed Dowan
  4004 | D:6      | Noticed Duvessa
  4014 | D:6      | Killed Duvessa
  4195 | D:6      | Noticed a steam dragon
  4208 | D:6      | Killed a steam dragon
  4209 | D:6      | Reached XP level 8. HP: 27/56 MP: 8/8
  4534 | D:6      | Noticed Blork the orc
  4615 | D:6      | Noticed Eustachio
  4640 | D:6      | Killed Eustachio
  4776 | D:6      | Noticed a troll
  4787 | D:6      | Killed a troll
  4788 | D:6      | Reached skill level 5 in Dodging
  4791 | D:6      | Reached * piety under Wu Jian
  4934 | D:6      | Found a burning altar of Makhleb.
  5096 | D:6      | Killed Blork the orc
  5097 | D:6      | Reached XP level 9. HP: 50/61 MP: 9/9
  5217 | D:6      | Reached skill level 10 in Long Blades
  5526 | D:7      | Noticed a hornet
  5535 | D:7      | Killed a hornet
  5715 | D:7      | Found a white marble altar of Elyvilon.
  5730 | D:7      | Noticed Prince Ribbit
  5740 | D:7      | Killed Prince Ribbit
  5789 | D:7      | Found a shimmering blue altar of Sif Muna.
  5803 | D:7      | Noticed Maggie
  5812 | D:7      | Killed Maggie
  5859 | D:7      | Identified the +5 falchion of the Freezing Seeker {chaos,
                  | rC- Int+7}
  6127 | D:7      | Noticed Pikel
  6161 | D:7      | Killed Pikel
  6162 | D:7      | Reached XP level 10. HP: 37/67 MP: 10/10
  6334 | D:7      | Found a blossoming altar of Fedhas.
  6691 | D:8      | Reached ** piety under Wu Jian
  6838 | D:8      | Noticed a two-headed ogre
  6891 | D:8      | Found a staircase to the Lair.
  6891 | D:8      | Noticed an elephant
  7057 | D:8      | Killed a two-headed ogre
  7251 | D:8      | Killed an unseen horror
  7252 | D:8      | Reached skill level 3 in Fighting
  7337 | D:8      | Found a glowing silver altar of Zin.
  7338 | D:8      | Noticed an angel
  7343 | D:8      | Found a shimmering altar of Xom.
  7541 | D:8      | Killed an angel
  7749 | D:9      | Reached skill level 4 in Fighting
  7910 | D:9      | Reached skill level 5 in Fighting
  8048 | D:9      | Found a flagged portal.
  8057 | Bailey   | Entered a bailey
  8121 | Bailey   | Reached *** piety under Wu Jian
  8245 | Bailey   | Reached skill level 6 in Fighting
  8546 | Bailey   | Reached XP level 11. HP: 63/83 MP: 11/11
  8670 | Bailey   | Reached skill level 7 in Fighting
  8982 | D:9      | Reached skill level 8 in Fighting
  9008 | D:9      | Noticed a boulder beetle
  9028 | D:9      | Killed a boulder beetle
  9319 | D:10     | Entered Level 10 of the Dungeon
  9332 | D:10     | Reached skill level 9 in Fighting
  9443 | D:10     | Reached **** piety under Wu Jian
  9482 | D:10     | Noticed a boulder beetle
  9683 | D:10     | Killed a boulder beetle
  9793 | D:10     | Reached skill level 10 in Fighting
  9822 | D:10     | Found a portal to a secret trove of treasure.
 10362 | D:11     | Noticed a green ugly thing
 10369 | D:11     | Killed a green ugly thing
 10422 | D:11     | Noticed a two-headed ogre
 10430 | D:11     | Killed a two-headed ogre
 10567 | D:11     | Noticed a boulder beetle
 10580 | D:11     | Reached skill level 11 in Fighting
 10630 | D:11     | HP: 2/93 [boulder beetle (29)]
 10635 | D:11     | Killed a boulder beetle
 10918 | D:11     | Noticed Urug
 10931 | D:11     | Killed Urug
 10932 | D:11     | Reached XP level 12. HP: 63/101 MP: 12/12
 11497 | D:12     | Noticed a two-headed ogre
 11500 | D:12     | Noticed a boulder beetle
 11501 | D:12     | Reached skill level 12 in Fighting
 11562 | D:12     | Killed a boulder beetle
 11570 | D:12     | Killed a two-headed ogre
 11608 | D:12     | Noticed a two-headed ogre
 11608 | D:12     | Noticed a boulder beetle
 11909 | D:12     | Identified the +1 robe of Eternal Night {rF+++ MP+9}
 11924 | D:12     | Identified the +1 scale mail of a bailey {rPois rF- Will+}
 12164 | D:12     | Killed a boulder beetle
 12188 | D:12     | Killed a two-headed ogre
 12212 | D:12     | Found a staircase to the Orcish Mines.
 12575 | D:12     | Noticed a sun demon
 12778 | Orc:1    | Entered Level 1 of the Orcish Mines
 13006 | Orc:1    | Noticed Maurice
 13015 | Orc:1    | Killed Maurice
 13051 | Orc:1    | Reached ***** piety under Wu Jian
 13180 | Lair:1   | Entered Level 1 of the Lair of Beasts
 13248 | Lair:1   | Reached skill level 10 in Dodging
 13369 | Lair:1   | Reached XP level 13. HP: 109/109 MP: 13/13
 13428 | Lair:1   | Reached skill level 1 in Armour
 13839 | Lair:1   | Reached skill level 5 in Armour
 14740 | Lair:2   | Found a staircase to the Swamp.
 14740 | Lair:2   | Noticed an eleionoma
 14766 | Lair:2   | Killed an eleionoma
 15414 | Lair:2   | Found a hole to the Spider Nest.
 15772 | Lair:3   | Noticed Amaemon
 15785 | Lair:3   | Killed Amaemon
 16114 | Lair:3   | Reached XP level 14. HP: 103/116 MP: 14/14
 16114 | Lair:3   | Acquired a gigadynamo NW-00 {rF+ Will+ Regen+ RegenMP+}
 16817 | Lair:4   | Reached ****** piety under Wu Jian
 16835 | Lair:4   | Identified the +4 robe of the Silly God {rElec}
 17442 | Lair:4   | Reached skill level 13 in Fighting
 17490 | Lair:5   | Entered Level 5 of the Lair of Beasts
 17549 | Lair:5   | Found a gate leading to a gauntlet.
 17558 | Gauntlet | Entered a Gauntlet
 17558 | Gauntlet | Found a transporter.
 17562 | Gauntlet | Found a transporter.
 17583 | Gauntlet | Found a transporter.
 17588 | Gauntlet | Found a transporter.
 17605 | Gauntlet | Found a transporter.
 17621 | Gauntlet | Found a transporter.
 17638 | Gauntlet | Found a transporter.
 17639 | Gauntlet | Noticed a quicksilver ooze
 17658 | Gauntlet | Found a transporter.
 17663 | Gauntlet | Found a transporter.
 17679 | Gauntlet | Found a transporter.
 17699 | Gauntlet | Found a transporter.
 17703 | Gauntlet | Found a transporter.
 17784 | Gauntlet | Identified the +1 helmet "Plog" {Harm rPois Dex-4 Stlth+}
 17799 | Gauntlet | Killed a quicksilver ooze
 17811 | Gauntlet | Identified the scarf of Parlour Games {shadows, +Inv MP+9
                  | Int+2}
 17839 | Gauntlet | Identified the +4 arbalest "Betoguiwk" {freeze, Str+5
                  | Dex-4}
 17839 | Gauntlet | Identified the +4 rapier of Wisdom {flame, ^Drain Will++
                  | Dex+5}
 17854 | Gauntlet | Identified the +0 ring mail of Filth {rElec rF+}
 17858 | Gauntlet | Got Hominum's Codex of Sulphurous Interference
 17913 | Lair:5   | Reached skill level 14 in Fighting
 18143 | Lair:5   | Reached skill level 15 in Fighting
 18327 | Lair:5   | Found a viscous altar of Jiyva.
 18328 | Lair:5   | Found a staircase to the Slime Pits.
 18666 | Lair:5   | Reached XP level 15. HP: 126/129 MP: 15/15
 18706 | Lair:5   | Identified the +1 pair of boots "Ixoevvet" {rF+++ rC-
                  | Will++ rCorr}
 19156 | Swamp:1  | Entered Level 1 of the Swamp
 19230 | Swamp:1  | HP: 1/130 [tyrant leech (37)]
 19231 | Swamp:1  | Slain by a tyrant leech

Illustrated notes

Levels and vault maps discovered:
D:1:      wander_arrival_estate, layout_loops_ring, serial_glass,
          glass_columns_b, glass_columns_a, glass_columns_a, glass_columns_b,
          glass_columns_a, glass_columns_c, dk_noncrumbling_3,
          hangedman_decor_slide_cut, kennysheep_another_room
D:2:      layout_loops_ring, minmay_domino_4
D:3:      layout_basic, lemuel_zombie_altar_yredelemnul, tso_altar,
          mainiacjoe_overflow_brackets, gammafunk_ghost_stat_death
D:4:      layout_cave_pools, nicolae_vehumet_radiance,
          minmay_temple_entry_proselytizer
D:5:      layout_loops_ring, lemuel_crystal_altar
D:6:      layout_basic, makhleb_heckhound_becter,
          serial_library_regret_index_small_wings,
          kennysheep_opposing_triangles, uniq_duvessa, uniq_eustachio,
          uniq_blork_the_orc
D:7:      layout_loops_cross, mainiacjoe_overflow_cross_hatched,
          mainiacjoe_overflow_tiny_flanked, fedhas_altar_3,
          kennysheep_flooded_box, uniq_maggie, uniq_pikel, uniq_prince_ribbit1
D:8:      layout_rooms, grunt_temple_overflow_order_and_chaos_1,
          david_lair_generic, hangedman_decor_riveting
D:9:      cheibrodos_two_vegetables, layout_irregular_city, enter_bailey_3
D:10:     layout_rooms, enter_trove_0, minmay_unpleasant_kobolds
D:11:     layout_gridville, uniq_urug
D:12:     layout_big_octagon, minmay_bent
Temple:   minmay_temple_curvy_loop
Lair:1:   layout_long_grid
Lair:2:   layout_chaotic_city, alex1729_swamp_entry_worm_eleionoma,
          spider_nest_entry_funnel_web
Lair:3:   layout_gridlike, beast_lair_carwin_8, uniq_amaemon
Lair:4:   layout_roguey
Lair:5:   minmay_lair_end_enchanted_forest, layout_cave_pods, slime_entry_1,
          gauntlet_entry_generic, gammafunk_lair_bear_cave
Swamp:1:  layout_basic_swamp, evilmike_swamp_ruin_rubble_2
Orc:1:    layout_caves, minmay_orc_temple_c, uniq_maurice

Skill      XL: |  1  2  3  4  5  6  7  8  9 10 11 12 13 14 |
---------------+-------------------------------------------+-----
Long Blades    | 4 5 6 7 9 12 14 | 14.0
Dodging        | 6 10 11 12 | 12.9
Fighting       | 6 11 12 15 | 15.9
Armour         | 8 |  8.1
Throwing       | |  1.7

Action                     |  1- 3 |  4- 6 |  7- 9 | 10-12 | 13-15 || total
---------------------------+-------+-------+-------+-------+-------++-------
  Melee: Dagger            |    69 |     7 |       |       |       ||    76
         Long sword        |    67 |   201 |   434 |  1234 |   731 ||  2667
         Scimitar          |       |       |       |   220 |   754 ||   974
 Invoke: Heavenly Storm    |       |       |       |       |     1 ||     1
Ability: Lunge             |       |     2 |    18 |    79 |    42 ||   141
         Whirlwind         |       |       |     3 |    96 |   223 ||   322
         Invent Gizmo      |       |       |       |       |     1 ||     1
  Evoke: Wand              |       |       |       |     4 |       ||     4
    Use: Scroll            |       |       |     2 |    14 |    12 ||    28
         Potion            |       |       |       |     2 |     1 ||     3
   Stab: Sleeping          |     1 |       |       |     1 |     7 ||     9
         Distracted        |       |       |     1 |       |     2 ||     3
 Armour: Leather armour    |    48 |       |       |       |       ||    48
         Ring mail         |       |    65 |   125 |       |       ||   190
         Swamp dragon scal |       |       |    47 |   448 |   367 ||   862
         Skin              |       |       |       |     3 |       ||     3
  Dodge: Dodged            |    48 |    48 |   148 |   415 |   511 ||  1170

Table legend: (Time is in decaauts)
 A = Elapsed time spent in this place.
 B = Non-inter-level travel time spent in this place.
 C = Inter-level travel time spent in this place.
 D = Time resting spent in this place.
 E = Time spent auto-exploring this place.
 F = Levels seen in this place.
 G = Mean time per level.
                   A        B        C        D        E       F      G
               +--------+--------+--------+--------+--------+-----+--------+
         Total |  18980 |  18230 |    750 |   1047 |  13321 |  22 |  862.7 |
       Dungeon |  11852 |  11405 |    447 |    569 |   8849 |  12 |  987.7 |
        Temple |    112 |     84 |     28 |      0 |     50 |   1 |  112.0 |
          Lair |   5541 |   5266 |    275 |    234 |   3959 |   5 | 1108.2 |
         Swamp |     76 |     76 |      0 |      0 |     21 |   1 |   76.0 |
  Orcish Mines |    297 |    297 |      0 |      0 |    182 |   1 |  297.0 |
        Bailey |    793 |    793 |      0 |    231 |    236 |   1 |  793.0 |
      Gauntlet |    307 |    307 |      0 |     13 |     24 |   1 |  307.0 |
               +--------+--------+--------+--------+--------+-----+--------+

Top non-repeatable levels by time:
    D:11: 1551 daAuts
  Lair:2: 1475 daAuts
     D:7: 1375 daAuts
     D:6: 1324 daAuts
  Lair:5: 1223 daAuts
  Lair:3: 1147 daAuts
    D:12: 1092 daAuts
     D:8: 1049 daAuts
     D:3: 1039 daAuts
  Lair:1: 972 daAuts
    D:10: 801 daAuts
     D:9: 796 daAuts
  Bailey: 793 daAuts
     D:2: 777 daAuts
  Lair:4: 722 daAuts
